 Dungeon Crawl Stone Soup version 0.27-a0-1140-g099f9bb0e8 (webtiles) character file.

Game seed: 8469709463804185601

46 wakim the Poker (level 3, 0/28 HPs)
             Began as a Merfolk Gladiator on May 8, 2021.
             Slain by Terence
             ... wielding a +0 falchion
              (1 damage)
             ... on level 2 of the Dungeon.
             The game lasted 00:03:44 (2182 turns).

wakim the Poker (Merfolk Gladiator)                 Turns: 2182, Time: 00:03:45

Health: 0/28       AC:  4    Str: 15    XL:     3   Next: 68%
Magic:  3/3        EV: 13    Int:  7    God:
Gold:   148        SH:  0    Dex: 15    Spells: 2/2 levels left

rFire    + . .     SeeInvis .   a - +0 trident
rCold    . . .     Faith    .   (no shield)
rNeg     . . .     Spirit   .   b - +0 leather armour
rPois    .         Reflect  .   c - +0 helmet
rElec    .         Harm     .   (no cloak)
rCorr    .         Rampage  .   (no gloves)
Will     .....                  (no boots)
Stlth    +.........             (no amulet)
HPRegen  0.09/turn              d - ring of protection from fire
MPRegen  0.08/turn              (no ring)

@: mighty
A: (nimble swimmer 2), mertail
a: no special abilities


You were on level 2 of the Dungeon.
You visited 1 branch of the dungeon, and saw 2 of its levels.

You collected 148 gold pieces.

Inventory:

Hand Weapons
 a - a +0 trident (weapon)
Missiles
 f - 3 throwing nets (quivered) {=f!f}
Armour
 b - a +0 leather armour (worn)
 c - a +0 helmet (worn)
Jewellery
 d - a ring of protection from fire (left hand)
Potions
 e - a potion of magic {unknown}
 g - a potion of mutation {unknown}
 h - a potion of lignification {unknown}
 i - a potion of cancellation {unknown}


   Skills:
 + Level 2.7 Fighting
 * Level 5.4 Polearms
 + Level 2.4 Throwing
 + Level 4.4 Dodging


You had 2 spell levels left.
You didn't know any spells.
Your spell library was empty.

Dungeon Overview and Level Annotations

Branches:
Dungeon (2/15)

Altars:

Annotations:
D:2 Terence


Innate Abilities, Weirdness & Mutations

((You are quick and stealthy near water. (Stealth+, EV+, Speed+++)))
Your lower body shifts to a powerful aquatic tail in water.


Message History

There is a stone staircase leading down here.
Terence is nearby!
Terence shouts!
You completely miss Terence.
Terence says, "Rest in peace."
Terence zaps a wand.
The puff of flame hits you but does no damage.
You hit Terence but do no damage. Terence hits you with a +0 falchion.
You puncture Terence!
Terence is heavily wounded.
Terence hits you with a +0 falchion.
You closely miss Terence.
Terence is moderately wounded.
Terence zaps a wand.
The puff of flame hits you. You resist.
You hit Terence.
Terence is severely wounded.
Terence hits you with a +0 falchion!
* * * LOW HITPOINT WARNING * * *
You closely miss Terence.
Terence is severely wounded.
Terence zaps a wand.
The puff of flame hits you. You resist.
* * * LOW HITPOINT WARNING * * *
Unknown command.
You feel very mighty all of a sudden. Terence misses you.
Unknown command.
You barely miss Terence.
Terence is severely wounded.
Terence misses you.
You closely miss Terence.
Terence is severely wounded.
Terence zaps a wand.
The puff of flame hits you. You resist.
* * * LOW HITPOINT WARNING * * *
You barely miss Terence.
Terence is severely wounded.
Terence hits you with a +0 falchion.
You die...

#.....#.####.##+#.#..
#.....#.# #.# #.#.. #.....#.#
+.+ #.#..
##....#.#+##.####.#..
##...#...........#..
##.##.#+##.####.#.. #.##.#
#.# #.#.. #.##.# +.+ #.#..
####### ##@##.####.##+#.#..
#.....####.@.#...........#..
#..(...)...#.#.####.##+#.#..
#......(.....#.# #.# #.#..
#......####..#.# +.+ #.###
#.....## #<.#.#+##.####.#
##.#### #..#...........###
###.#####.@...#.#+##.####.#..
##..<......###.#.# #.# #.#..


You could see Terence.

Vanquished Creatures
  An adder (D:2)
  A worm (D:2)
  A ball python (D:1)
  8 endoplasms
  2 goblins (D:1)
  A hobgoblin (D:1)
  3 jackals (D:1)
  A quokka (D:1)
  3 bats (D:1)
  4 frilled lizards (D:1)
  3 kobolds (D:1)
  6 rats (D:1)
34 creatures vanquished.

Notes
Turn   | Place    | Note
-------+----------+-------------------------------------------
     0 | D:1      | wakim the Merfolk Gladiator began the quest for the Orb.
     0 | D:1      | Reached XP level 1. HP: 16/16 MP: 1/1
   180 | D:1      | Reached XP level 2. HP: 16/23 MP: 2/2
   487 | D:1      | Reached skill level 5 in Polearms
   864 | D:1      | Reached XP level 3. HP: 28/28 MP: 3/3
  1139 | D:1      | Found a faded altar of an unknown god.
  1315 | D:2      | Noticed Terence
  2181 | D:2      | HP: 1/28 [Terence/puff of flame (6)]
  2182 | D:2      | Slain by Terence

Illustrated notes

Levels and vault maps discovered:
D:1:      onia_arrival_handbag, layout_loops_cross,
          ebering_ecumenical_altar_webs, due_unseen_surprise
D:2:      minmay_door_path, layout_rooms, uniq_terence

Skill      XL: |  1  2 |
---------------+-------+-----
Polearms       | 5 |  5.4
Fighting       | |  2.7
Throwing       | |  2.4
Dodging        | |  4.4

Action                   || total
-------------------------++-------
Melee: Trident           ||   110
  Use: Scroll            ||     3
       Potion            ||     1
 Stab: Sleeping          ||     3
Armor: Leather armour    ||    18
Dodge: Dodged            ||    45

Table legend: (Time is in decaauts)
 A = Elapsed time spent in this place.
 B = Non-inter-level travel time spent in this place.
 C = Inter-level travel time spent in this place.
 D = Time resting spent in this place.
 E = Time spent auto-exploring this place.
 F = Levels seen in this place.
 G = Mean time per level.
                   A        B        C        D        E       F      G
               +--------+--------+--------+--------+--------+-----+--------+
         Total |   2189 |   2119 |     70 |    235 |   1588 |   2 | 1094.5 |
       Dungeon |   2189 |   2119 |     70 |    235 |   1588 |   2 | 1094.5 |
               +--------+--------+--------+--------+--------+-----+--------+

Top non-repeatable levels by time:
     D:1: 1530 daAuts
     D:2: 659 daAuts
